 Dungeon Crawl Stone Soup version 0.19-a0-503-g45a6586 (webtiles) character file.

86244 zero the Bludgeoner (level 15, -1/150 HPs)
             Began as a Gargoyle Berserker on June 5, 2016.
             Was the Champion of Trog.
             Slain by a hog (14 damage)
             ... led by Kirke
             ... on level 15 of the Dungeon.
             The game lasted 01:09:24 (24177 turns).

zero the Bludgeoner (Gargoyle Berserker)           Turns: 24177, Time: 01:09:24

Health: -1/150     AC:  0    Str: 30    XL:     15   Next: 86%
Magic:  19/19      EV: 16    Int:  9    God:    Trog [******]
Gold:   1216       SH:  0    Dex: 10    Spells: 0 memorised, 14 levels left

rFire  . . .     SeeInvis .     (weapon currently unavailable)
rCold  . . .     Gourm    .     (armour currently unavailable)
rNeg   + . .     Faith    .     (shield currently unavailable)
rPois  ∞         Spirit   .     (helmet currently unavailable)
rElec  .         Dismiss  .     (cloak currently unavailable)
rCorr  .         Reflect  .     (gloves currently unavailable)
SustAt .         Harm     .     (boots currently unavailable)
MR     +....                    K - amulet of regeneration
Stlth  ..........               (ring currently unavailable)
                                (ring currently unavailable)

@: berserking, pig-form, flying, very quick, somewhat resistant to hostile
enchantments, extremely unstealthy
A: (big wings), negative energy resistance 1, (electricity resistance),
(unbreathing), petrification resistance, rot immunity, AC +11
a: Berserk, Trog's Hand, Brothers in Arms, Burn Spellbooks, Renounce Religion


You were on level 15 of the Dungeon.
You worshipped Trog.
Trog was exalted by your worship.
You were not hungry.
You were a filthy swine.
You visited 3 branches of the dungeon, and saw 24 of its levels.
You also visited: Labyrinth.

You collected 2255 gold pieces.
You spent 1039 gold pieces at shops.

Inventory:

Hand Weapons
 a - a +2 flail of crushing
 h - a +0 blowgun
 j - a +0 eveningstar
 l - a +2 antimagic demon whip
 p - the +5 mace of Kunoruti (melded) {vamp, rN+}
   (You found it on level 2 of the Lair of Beasts)

   It inflicts no extra harm, but heals its wielder somewhat when it strikes a
   living foe.
   It protects you from negative energy.
Missiles
 r - 2 needles of confusion
 A - 3 throwing nets (quivered)
 V - 8 curare-tipped needles
Armour
 f - a +2 helmet (melded)
 m - a +2 shield (melded)
 B - a +2 pair of gloves (melded)
 F - a +2 cloak of poison resistance (melded)
 O - a +0 plate armour of poison resistance (melded)
Jewellery
 w - an uncursed ring of protection from fire
 H - an uncursed ring of resist corrosion
 J - a +6 ring of protection (melded)
 K - an amulet of regeneration (around neck)
 R - the ring "Saerip" (melded) {rF+ rC+ Dex+6}
   (You found it on level 9 of the Dungeon)

   [ring of dexterity]

   It affects your dexterity (+6).
   It protects you from fire.
   It protects you from cold.
Wands
 g - a wand of iceblast (4/15)
 t - a wand of lightning (8/15)
 z - a wand of acid (1/15)
 C - a wand of flame (10/48)
 M - a wand of disintegration (24/24)
 Z - a wand of teleportation (4/9)
Scrolls
 b - 10 scrolls of remove curse
 e - 3 scrolls of recharging
 k - 3 scrolls of teleportation
 q - a scroll of blinking
 y - 2 scrolls of enchant weapon
 S - 2 scrolls of fear
 Y - a scroll of summoning
Potions
 d - 5 potions of curing
 o - 3 potions of resistance
 u - 6 potions of heal wounds
 I - 2 potions of brilliance
 L - 2 potions of lignification
 N - 2 potions of might
 P - 2 potions of invisibility
 X - a potion of agility
Miscellaneous
 Q - a lamp of fire
Comestibles
 c - 7 bread rations
 i - 39 chunks of flesh


   Skills:
 - Level 13.8 Fighting
 + Level 16.5 Maces & Flails
 - Level 13.0 Armour
 * Level 5.7 Dodging
 - Level 11.0 Shields
 - Level 6.1 Evocations


You had 14 spell levels left.
You didn't know any spells.

Dungeon Overview and Level Annotations

Branches:
Dungeon (15/15)            Temple (0/1) D:7            Lair (7/8) D:10
 Shoals (0/4) Lair:5       Spider (0/4) Lair:3        Slime (0/6) Lair:6
    Orc (2/2) D:11            Elf (0/3) Orc:2        Vaults (0/5) D:13
 Depths: D:15

Altars:
Ashenzari
Dithmenos
Elyvilon
Makhleb
Pakellas
Qazlal
Ru
Uskayaw
Vehumet
Xom
Zin
Beogh
Jiyva

Shops:
D:7 (   D:13 (?[[*   Orc:2 (%[(

Annotations:
D:15 Kirke


Innate Abilities, Weirdness & Mutations

You are resistant to torment.
((Your stone body is resilient. (AC +11)))
You are immune to poison.
((Your large and strong wings let you fly indefinitely.))
You resist negative energy. (rN+)
((You are resistant to electric shocks. (rElec)))
((You can survive without breathing.))
You are immune to petrification.
You are immune to rotting.


Message History

Kirke is heavily wounded.
The hog closely misses you. x2; Kirke barely misses you.
The hog bites you. x3
The hog misses you. The manticore misses you. x3
A red film seems to cover your vision as you go berserk!
You feel yourself moving faster!
You feel mighty!
You feel somewhat more hungry. The hog barely misses you. The hog bites you.
Kirke points at you and mumbles some strange words.
You struggle to resist.
The hog bites you! The hog barely misses you. The manticore bites you!
The manticore claws you. The manticore claws you!
* * * LOW HITPOINT WARNING * * *
You bite Kirke!
Kirke is heavily wounded.
The hog bites you.
* * * LOW HITPOINT WARNING * * *
The hog bites you.
* * * LOW HITPOINT WARNING * * *
Kirke hits you!!
* * * LOW HITPOINT WARNING * * *
The hog misses you. The hog bites you!
You die...

#...# #...##
#....+ #....#
#....# #....##
#.Hh@.# #.hhh.#
#...h.##
######.## #..##
#####...#########
#.......#[.<....#
###....)))).....#
#.....##[.....#
#......#.....##


You could see Kirke, a manticore and 4 hogs.

Vanquished Creatures
  Nessos (Lair:7)
  The ghost of Aviak the Fighter, a journeyman GrFi of Uskayaw (Lair:7)
  Snorg (Orc:1)
  A vault guard (D:13)
  A minotaur (Lab)
  8 hydras
  5 centaur warriors
  3 ogre magi
  Erica (Orc:1)
  The ghost of Aviak the Wallflower, a novice HOFi of Uskayaw (D:9)
  The ghost of st0uf the Basher, a journeyman GrSk of Hepliaklqana (D:12)
  4 tengu warriors
  An orc high priest (Orc:2)
  Sonja (D:10)
  4 skeletal warriors (D:12)
  2 deep trolls (Orc:2)
  3 unseen horrors
  4 hill giants
  Pikel (D:5)
  2 orc knights
  4 griffons
  A wolf spider zombie (D:14)
  An oklob plant (Lair:4)
  2 deep elf magi (D:13)
  2 orc sorcerers
  5 cyclopes
  10 ugly things
  A manticore (D:14)
  Joseph (Lair:1)
  19 elephants
  2 torpor snails
  6 spiny frogs
  A centaur skeleton (D:13)
  5 rime drakes
  6 komodo dragons
  A tengu conjurer (D:14)
  A jumping spider (Lair:3)
  14 trolls
  A wolf spider simulacrum (D:14)
  A merfolk (Lair:5)
  13 two-headed ogres
  A polar bear (Lair:4)
  3 slime creatures (D:13)
  3 blink frogs (Lair:6)
  A shadow (D:13)
  A centaur simulacrum (D:14)
  44 yaks
  Eustachio (D:6)
  3 basilisks
  A steam dragon (Lair:2)
  12 hippogriffs
  A vampire mosquito (D:12)
  2 hungry ghosts
  Edmund (D:6)
  2 mottled dragons
  3 wargs
  19 water moccasins
  7 porcupines
  2 wasps
  4 sky beasts
  2 black bears (D:8)
  16 orc warriors
  2 eyes of draining
  3 ice beasts
  28 ogres
  3 phantoms
  4 necrophages
  14 wolves
  16 centaurs
  7 crocodiles
  2 big kobolds
  14 giant frogs
  A gnoll sergeant (D:8)
  A wyvern skeleton (D:13)
  19 killer bees
  A scorpion (D:13)
  4 jellies
  3 vampire bats (Lair:5)
  12 wights
  An electric eel (Lair:5)
  7 howler monkeys
  6 crimson imps
  A wasp zombie (D:9)
  4 lava snakes (Lab)
  2 centaur zombies
  A giant frog zombie (D:9)
  5 hounds
  17 orc priests
  7 iguanas
  32 orc wizards
  13 worker ants
  Terence (D:2)
  10 sheep
  The ghost of p0werm0de the Skirmisher, a weakling DsCK of Xom (D:3)
  A hound zombie (D:8)
  A hound skeleton (D:10)
  A howler monkey zombie (D:9)
  12 gnolls
  12 adders
  56 river rats
  6 shadow imps
  An ooze (D:4)
  2 worms
  3 dart slugs
  6 giant geckos
  85 orcs
  2 ball pythons
  12 bats
  6 giant cockroaches
  8 goblins
  6 hobgoblins
  16 jackals
  8 quokkas
  A giant gecko skeleton (D:7)
  6 giant newts
  A jackal skeleton (D:5)
  15 kobolds
  13 rats
  4 plants (D:10)
798 creatures vanquished.

Vanquished Creatures (others)
  2 slaves (D:5)
  A giant frog (Lair:7)
  2 orc wizards
  A gnoll (D:5)
  A bat (D:5)
  A bush (D:2)
  A fungus (Lair:1)
  4 withered plants (D:9)
13 creatures vanquished.

Grand Total: 811 creatures vanquished

Notes
Turn   | Place    | Note
--------------------------------------------------------------
     0 | D:1      | zero the Gargoyle Berserker began the quest for the Orb.
     0 | D:1      | Reached XP level 1. HP: 14/14 MP: 1/1
   338 | D:1      | Reached XP level 2. HP: 6/19 MP: 2/2
   768 | D:1      | Reached skill level 4 in Maces & Flails
   768 | D:1      | Reached XP level 3. HP: 23/23 MP: 3/3
  1434 | D:1      | Reached ** piety under Trog
  1889 | D:2      | Reached XP level 4. HP: 22/28 MP: 4/4
  1981 | D:2      | Noticed Terence
  1986 | D:2      | Killed Terence
  1986 | D:2      | Reached skill level 5 in Maces & Flails
  2416 | D:2      | Found a stormy altar of Qazlal.
  2502 | D:2      | Found a hide-covered altar of Uskayaw.
  2529 | D:2      | Reached XP level 5. HP: 32/32 MP: 5/5
  2592 | D:2      | Reached *** piety under Trog
  3088 | D:3      | Noticed p0werm0de's ghost (weakling DsCK)
  3099 | D:3      | Killed p0werm0de's ghost
  3386 | D:3      | Found a shimmering altar of Xom.
  3421 | D:3      | Reached skill level 6 in Maces & Flails
  3524 | D:4      | Reached XP level 6. HP: 35/37 MP: 6/6
  3632 | D:4      | Noticed a phantom
  3693 | D:4      | Killed a phantom
  3693 | D:4      | Reached skill level 7 in Maces & Flails
  3832 | D:4      | Found a roughly hewn altar of Beogh.
  4012 | D:4      | Reached XP level 7. HP: 40/41 MP: 7/7
  4082 | D:4      | Reached skill level 8 in Maces & Flails
  5003 | D:4      | Reached **** piety under Trog
  5032 | D:4      | Reached skill level 9 in Maces & Flails
  5116 | D:5      | Entered Level 5 of the Dungeon
  5224 | D:5      | Noticed Pikel
  5238 | D:5      | Killed Pikel
  5238 | D:5      | Reached skill level 10 in Maces & Flails
  5238 | D:5      | Reached XP level 8. HP: 46/46 MP: 8/8
  5660 | D:5      | Reached skill level 11 in Maces & Flails
  5703 | D:5      | Found a sand-covered staircase.
  5999 | D:6      | Noticed Edmund
  5999 | D:6      | Noticed Eustachio
  6016 | D:6      | Killed Edmund
  6045 | D:6      | Killed Eustachio
  6045 | D:6      | Reached XP level 9. HP: 47/52 MP: 9/9
  6239 | D:6      | Found a radiant altar of Vehumet.
  6240 | D:6      | Found a white marble altar of Elyvilon.
  6619 | D:7      | Reached skill level 5 in Fighting
  6877 | D:7      | Found a staircase to the Ecumenical Temple.
  6964 | D:7      | Found Ynerhyaq's Weapon Boutique.
  7141 | D:7      | Reached ***** piety under Trog
  7207 | D:7      | Reached skill level 12 in Maces & Flails
  7653 | D:8      | Reached skill level 1 in Shields
  7764 | D:8      | Noticed a two-headed ogre
  7769 | D:8      | Killed a two-headed ogre
  7835 | D:8      | Noticed a troll
  7848 | D:8      | Killed a troll
  7848 | D:8      | Reached XP level 10. HP: 61/61 MP: 10/10
  8148 | D:8      | Found a glowing silver altar of Zin.
  8148 | D:8      | Noticed an angel
  8341 | D:8      | Found a shadowy altar of Dithmenos.
  8530 | D:9      | Noticed Aviak's ghost (novice HOFi)
  8537 | D:9      | Killed Aviak's ghost
  8537 | D:9      | Reached skill level 5 in Armour
  8537 | D:9      | Reached skill level 5 in Shields
  8543 | D:9      | Got a warped bone ring
  8545 | D:9      | Identified the ring "Saerip" {rF+ rC+ Dex+6} (You found it on level 9 of the Dungeon)
  8909 | D:9      | Found a burning altar of Makhleb.
  8983 | D:9      | Found an oddly glowing altar of Pakellas.
  8983 | D:9      | Found a shattered altar of Ashenzari.
  9153 | D:9      | Reached XP level 11. HP: 69/69 MP: 11/11
  9275 | D:10     | Entered Level 10 of the Dungeon
  9280 | D:10     | Found a staircase to the Lair.
  9310 | D:10     | Reached skill level 13 in Maces & Flails
  9430 | D:10     | Noticed a griffon
  9444 | D:10     | Killed a griffon
  9727 | D:10     | Noticed a hill giant
  9737 | D:10     | Killed a hill giant
  9948 | D:10     | Received a gift from Trog
 10080 | D:10     | Noticed Sonja
 10331 | D:10     | Killed Sonja
 10454 | Lair:1   | Entered Level 1 of the Lair of Beasts
 10511 | Lair:1   | Noticed Joseph
 10561 | Lair:1   | Killed Joseph
 10830 | Lair:1   | Found a labyrinth entrance.
 10922 | Lab      | Entered a labyrinth
 11130 | Lab      | Noticed a minotaur
 11138 | Lab      | Killed a minotaur
 11145 | Lab      | Got an encrusted scale mail
 11145 | Lab      | Got an ancient iron ring
 11157 | Lab      | Identified the ring of Dirojuyff {*Tele rF+ rN++ Str+7} (You took it off a minotaur in a labyrinth)
 11162 | Lab      | Got a scintillating lapis lazuli ring
 11164 | Lab      | Identified the ring "Zauwishre" {Ice MP+9} (You found it in a labyrinth)
 11460 | Lair:1   | Reached XP level 12. HP: 77/77 MP: 12/12
 11757 | Lair:2   | Reached skill level 10 in Fighting
 11876 | Lair:1   | Identified the cursed +0 scale mail of Winter {-Cast rC+++ rN+++} (You took it off a minotaur in a labyrinth)
 12100 | D:7      | Bought a +0 eveningstar for 225 gold pieces
 12551 | Lair:2   | Got a warped mace
 12555 | Lair:2   | Identified the +5 mace of Kunoruti {vamp, rN+} (You found it on level 2 of the Lair of Beasts)
 13016 | Lair:3   | Found a hole to the Spider Nest.
 13075 | Lair:3   | Reached skill level 14 in Maces & Flails
 13333 | Lair:3   | Noticed a five-headed hydra
 13351 | Lair:3   | Killed a five-headed hydra
 13863 | Lair:4   | Noticed a four-headed hydra
 13875 | Lair:4   | Killed a four-headed hydra
 13983 | Lair:4   | Received a gift from Trog
 13983 | Lair:4   | Reached XP level 13. HP: 84/84 MP: 13/13
 14012 | Lair:4   | Found a sacrificial altar of Ru.
 14156 | Lair:4   | Reached skill level 10 in Shields
 14715 | Lair:5   | Reached skill level 10 in Armour
 15295 | Lair:5   | Identified Sif Muna's Tome of Lucky Companions
 15351 | Lair:5   | Reached ****** piety under Trog
 15361 | Lair:5   | Found a staircase to the Shoals.
 15387 | Lair:5   | Received a gift from Trog
 15966 | Lair:6   | Found a viscous altar of Jiyva.
 15969 | Lair:6   | Found a staircase to the Slime Pits.
 16353 | Lair:7   | Noticed Aviak's ghost (journeyman GrFi)
 16456 | Lair:7   | Killed Aviak's ghost
 16640 | Lair:7   | Noticed Nessos
 16660 | Lair:7   | Reached skill level 15 in Maces & Flails
 16679 | Lair:7   | Killed Nessos
 16679 | Lair:7   | Reached skill level 1 in Evocations
 16778 | Lair:7   | Gained mutation: Your large and strong wings let you fly indefinitely. [Gargoyle growth]
 16778 | Lair:7   | Reached XP level 14. HP: 90/92 MP: 15/15
 16811 | Lair:7   | Received a gift from Trog
 17820 | D:11     | Found a staircase to the Orcish Mines.
 18025 | D:11     | You fall through a shaft for 3 floors!
 18238 | D:14     | Received a gift from Trog
 19706 | D:13     | Found Sotiffoh's Antique Armour Shoppe.
 19748 | D:13     | Found Senwiq's Antique Weapon Shop.
 19751 | D:13     | Found Ezeli's Magic Scroll Emporium.
 19759 | D:13     | Received a gift from Trog
 19785 | D:13     | Bought a scroll of remove curse for 42 gold pieces
 19785 | D:13     | Bought a scroll of recharging for 133 gold pieces
 19785 | D:13     | Bought a scroll of enchant armour for 105 gold pieces
 19785 | D:13     | Bought a scroll of teleportation for 42 gold pieces
 19785 | D:13     | Bought a scroll of identify for 28 gold pieces
 19785 | D:13     | Bought a scroll of remove curse for 42 gold pieces
 19785 | D:13     | Bought a scroll of summoning for 133 gold pieces
 19785 | D:13     | Bought a scroll of fear for 49 gold pieces
 19990 | D:13     | Found Gurrekal's Antique Armour Boutique.
 20001 | D:13     | Reached skill level 5 in Evocations
 20260 | D:13     | Found Hoeqoffe's Assorted Antiques.
 20281 | D:13     | Reached XP level 15. HP: 99/99 MP: 17/19
 20463 | D:13     | Found a gate to the Vaults.
 20715 | D:12     | Reached skill level 16 in Maces & Flails
 20911 | D:12     | Noticed st0uf's ghost (journeyman GrSk)
 20968 | D:12     | Killed st0uf's ghost
 20993 | D:12     | Received a gift from Trog
 21866 | Orc:1    | Entered Level 1 of the Orcish Mines
 21944 | Orc:1    | Noticed Snorg
 21958 | Orc:1    | Killed Snorg
 22042 | Orc:1    | Noticed Erica
 22046 | Orc:1    | Received a gift from Trog
 22048 | Orc:1    | Got a fine bardiche {god gift}
 22066 | Orc:1    | Killed Erica
 22085 | Orc:1    | Identified the +13 bardiche of Worr {freeze, rC+} (Trog gifted it to you on level 1 of the Orcish Mines)
 22499 | Orc:2    | Entered Level 2 of the Orcish Mines
 22499 | Orc:2    | Found a staircase to the Elven Halls.
 22516 | Orc:2    | Found Saotim's Weapon Boutique.
 22654 | Orc:2    | Found Lyssuos's Food Boutique.
 22798 | Orc:2    | Found Efilat's Armour Shoppe.
 22815 | Orc:2    | Found Moem's Weapon Shop.
 22852 | Orc:2    | Received a gift from Trog
 22885 | Orc:2    | Bought a +2 cloak of poison resistance for 240 gold pieces
 22985 | Orc:2    | Paralysed by an orc sorcerer for 5 turns
 23008 | Orc:2    | Reached skill level 5 in Dodging
 24046 | D:15     | Entered Level 15 of the Dungeon
 24068 | D:15     | Received a gift from Trog
 24163 | D:15     | Noticed Kirke
 24177 | D:15     | Slain by a hog

Vault maps used:
D:1:      dpeg_arrival_long_road, minmay_fountain_box
D:2:      nicolae_overflow_hidden_temple, grunt_qazlal_sundering, first_bread,
          serial_forest, infiniplex_forest_end_1, infiniplex_forest_join,
          infiniplex_forest_end_2, infiniplex_forest_side_room,
          infiniplex_forest_clump_curved, infiniplex_forest_lined_2,
          infiniplex_forest_clump_medium, infiniplex_forest_lined_3_way,
          uniq_terence
D:3:      lemuel_upstairs_altar, xom_butterflies
D:4:      minivault_11, kennysheep_orc_chapel
D:5:      nicolae_ossuary_entry_ruins, uniq_eustachio, uniq_pikel
D:6:      gammafunk_temple_overflow_statue, corexii_leaking_fountain,
          minivault_10, st_stairs_2, uniq_edmund
D:7:      minmay_temple_entry_junction, serial_shops, shop
D:8:      grunt_dithmenos_smoke_and_mirrors, zin_angel
D:9:      kennysheep_mini_moat, gammafunk_temple_overflow_pools, serial_undead,
          serial_undead_b, serial_undead_d, serial_undead_d, serial_undead_b,
          serial_undead_a, serial_undead_f
D:10:     dpeg_oklobed_lair, uniq_sonja
D:11:     minmay_stone_box, hiddenorc2_lemuel
D:13:     david_vaults_5, serial_shops, nicolae_shop_waterfront, shop, shop,
          nicolae_shop_stone, shop
D:14:     fountainhead
D:15:     gammafunk_enter_depths_forms, nrook_uturn, trog_wizard, uniq_roxanne,
          uniq_urug, uniq_kirke
Lair:1:   nicolae_volcano_entry_hallway, lab_entry_generic, grunt_megastairs_4,
          serial_bayou_shore_b, uniq_joseph
Lair:2:   fungi_pond_lemuel, bobbens_dragon_lair_wall
Lair:3:   spider_nest_entry_rubble, minmay_hedge_maze
Lair:4:   basic_altar
Lair:5:   elwin_shoals_entry_rooms, serial_bayou_pond_d, roderic_batcave
Lair:6:   slime_altar_1
Lair:7:   grunt_megastairs_3, uniq_nessos
Orc:1:    uniq_erica, uniq_snorg
Orc:2:    st_orc_open
Lab:      labyrinth_watery, nicolae_lab_t_cross, labyrinth_lava_lair

Skill      XL: |  1  2  3  4  5  6  7  8  9 10 11 12 13 14 15 |
---------------+----------------------------------------------+-----
Maces & Flails | 4 5 6 7 10 11 12 13 14 15 16 | 16.5
Fighting       | 4 6 8 9 11 12 13 | 13.8
Shields        | 2 5 7 9 11 | 11.0
Armour         | 3 6 7 9 11 12 13 | 13.0
Evocations     | 1 5 6 |  6.1
Dodging        | 5 |  5.7

Action                   |  1- 3 |  4- 6 |  7- 9 | 10-12 | 13-15 || total
-------------------------+-------+-------+-------+-------+-------++-------
Melee: Mace              |   126 |   257 |   182 |   283 |  2574 ||  3422
       Whip              |       |       |    35 |       |       ||    35
       Flail             |       |       |   168 |   273 |       ||   441
       Morningstar       |       |       |       |   233 |       ||   233
       Eveningstar       |       |       |       |    51 |       ||    51
       Demon whip        |       |       |       |       |    39 ||    39
       Unarmed           |       |       |       |       |     4 ||     4
Invok: Berserk           |     2 |     4 |     7 |    12 |    11 ||    36
       Trog's Hand       |       |     1 |     1 |     4 |     2 ||     8
 Abil: Evoke Flight      |       |       |       |     1 |       ||     1
       Fly               |       |       |       |       |     1 ||     1
Evoke: Wand              |       |       |       |    12 |     3 ||    15
       Lamp of fire      |       |       |       |     1 |     1 ||     2
  Use: Scroll            |       |     1 |    11 |     9 |     9 ||    30
       Potion            |       |       |       |     8 |     2 ||    10
 Stab: Sleeping          |     1 |       |       |       |       ||     1
  Eat: Chunk             |     5 |     7 |    11 |    16 |    33 ||    72
       Meat ration       |       |     1 |     1 |     1 |     2 ||     5
       Beef jerky        |       |       |     2 |     2 |     3 ||     7
       Bread ration      |       |       |       |     3 |     1 ||     4
       Royal jelly       |       |       |       |     1 |       ||     1
       Fruit             |       |       |       |     3 |     6 ||     9
       Pizza             |       |       |       |       |     2 ||     2
Armor: Animal skin       |    51 |       |       |       |       ||    51
       Scale mail        |    12 |   122 |    51 |       |       ||   185
       Chain mail        |       |       |   112 |       |       ||   112
       Plate armour      |       |       |   142 |   619 |  2125 ||  2886
Dodge: Dodged            |   101 |   125 |   197 |   194 |   721 ||  1338
Block: Shield            |       |       |    23 |   623 |  2312 ||  2958
